 Dungeon Crawl Stone Soup version 0.17-a0-2220-g6fea741 (webtiles) character file.

37 Ijustatesigmund the Sneak (level 3, -5/28 HPs)
             Began as a Naga Wizard on Oct 28, 2015.
             Slain by a gnoll
             ... wielding a +0 spear
              (9 damage)
             ... on level 2 of the Dungeon.
             The game lasted 00:07:10 (1783 turns).

Ijustatesigmund the Sneak (Naga Wizard)             Turns: 1783, Time: 00:07:10

Health: -5/28      AC:  3    Str:  9    XL:     3   Next: 39%
Magic:  1/7        EV:  9    Int: 19    God:
Gold:   48         SH:  0    Dex:  9    Spells: 4 memorised, 0 levels left

rFire  . . .     SeeInvis +     f - +0 short sword
rCold  . . .     Clarity  .     a - +0 robe
rNeg   . . .     SustAt   .     (no shield)
rPois  +         Gourm    .     b - +0 hat
rElec  .         Spirit   .     (no cloak)
rCorr  .         Warding  .     g - +0 pair of gloves
rMut   .         Stasis   .     (no barding)
MR     .....                    (no amulet)
Stlth  +++.......               (no ring)
                                (no ring)

@: very slightly contaminated, repel missiles, very slow, not resistant to
hostile enchantments, fairly stealthy
A: see invisible, deformed body, poison resistance, slowness 2, slow metabolism
1, spit poison 2, AC +1
a: Spit Poison


You were on level 2 of the Dungeon.
You were hungry.

You visited 1 branch of the dungeon, and saw 2 of its levels.

You collected 48 gold pieces.

Inventory:

Hand Weapons
 f - a +0 short sword (weapon)
Armour
 a - a +0 robe (worn)
 b - a +0 hat (worn)
 g - a +0 pair of gloves (worn)
Potions
 i - a potion of brilliance {unknown}
Books
 c - a book of Minor Magic

   Spells                             Type                      Level
   a - Magic Dart                     Conjuration                  1
   b - Blink                          Translocation                2
   c - Call Imp                       Summoning                    2
   d - Repel Missiles                 Charms/Air                   2
   e - Slow                           Hexes                        2
   f - Conjure Flame                  Conjuration/Fire             3
   g - Mephitic Cloud                 Conjuration/Poison/Air       3
Comestibles
 d - a bread ration


   Skills:
 - Level 1.5 Dodging
 + Level 4.0 Stealth
 - Level 3.0 Spellcasting
 + Level 2.4 Conjurations
   Level 1.0 Summonings
 - Level 1.0 Translocations
 + Level 0.6 Air Magic
 + Level 0.3 Poison Magic


You couldn't memorise any spells.
You knew the following spells:

 Your Spells              Type           Power        Failure   Level  Hunger
a - Magic Dart            Conj           ##..         8%          1    None
b - Blink                 Tloc           N/A          17%         2    ##.....
c - Repel Missiles        Chrm/Air       #.....       21%         2    ##.....
d - Mephitic Cloud        Conj/Pois/Air  #.......     34%         3    ###....


Dungeon Overview and Level Annotations

Branches:
Dungeon (2/15)

Altars:


Innate Abilities, Weirdness & Mutations

You cannot wear boots.
Your serpentine skin is tough (AC +1).
You have supernaturally acute eyesight.
Armour fits poorly on your strangely shaped body.
Your system is resistant to poisons.
You cover ground very slowly.
You have a slow metabolism.
You can spit poison.


Message History

You hit the gnoll.
The gnoll is moderately wounded.
The gnoll hits you with a spear.
You closely miss the gnoll.
The gnoll is moderately wounded.
The gnoll hits you with a spear!
* * * LOW HITPOINT WARNING * * *
You closely miss the gnoll.
The gnoll is moderately wounded.
The gnoll hits you but does no damage.
You barely miss the gnoll.
The gnoll is moderately wounded.
The gnoll barely misses you.
You barely miss the gnoll.
The gnoll is moderately wounded.
The gnoll hits you with a spear.
* * * LOW HITPOINT WARNING * * *
The gnoll completely misses you.
The gnoll hits you from afar with a spear!
You die...

#### ###..### ##......#
####
#########.......##....#
...<......#...g.@..#
.............#######
.........###.#
......#..###.#
..#..........##
..##..#........ #.
#..#........
......$........
....(.....####


You could see a gnoll.

Vanquished Creatures
  5 giant geckos (D:1)
  6 goblins
  4 hobgoblins (D:1)
  2 jackals (D:1)
  A quokka (D:2)
  7 bats (D:1)
  2 kobolds (D:1)
  3 rats (D:1)
30 creatures vanquished.

Notes
Turn   | Place    | Note
--------------------------------------------------------------
     0 | D:1      | Ijustatesigmund the Naga Wizard began the quest for the Orb.
     0 | D:1      | Reached XP level 1. HP: 15/15 MP: 4/4
   491 | D:1      | Reached XP level 2. HP: 22/22 MP: 3/6
   495 | D:1      | Learned a level 2 spell: Blink
   498 | D:1      | Learned a level 2 spell: Repel Missiles
  1185 | D:1      | Reached XP level 3. HP: 26/28 MP: 3/7
  1190 | D:1      | Learned a level 3 spell: Mephitic Cloud
  1540 | D:1      | Reached skill level 4 in Stealth
  1783 | D:2      | Slain by a gnoll

Vault maps used:
D:1:      dpeg_arrival_chase

Action                   || total
-------------------------++-------
Melee: Short sword       ||    48
 Cast: Magic Dart        ||    63
       Repel Missiles    ||     1
  Use: Scroll            ||     2
       Potion            ||     2
  Eat: Chunk             ||     1
